 Dungeon Crawl Stone Soup version 0.27-a0-1191-g601b473118 (webtiles) character file.

Game seed: 14689226951241563805

67 Wyvernaa the Poker (level 4, -5/34 HPs)
             Began as a Demonspawn Gladiator on May 24, 2021.
             Killed by divine providence
             ... invoked by an orc priest
              (12 damage)
             ... on level 2 of the Dungeon.
             The game lasted 00:03:41 (1955 turns).

Wyvernaa the Poker (Demonspawn Gladiator)           Turns: 1955, Time: 00:03:42

Health: -5/34      AC:  5    Str: 15    XL:     4   Next: 0%
Magic:  4/4        EV: 12    Int:  9    God:
Gold:   100        SH:  0    Dex: 15    Spells: 3/3 levels left

rFire    . . .     SeeInvis .   a - +0 trident
rCold    . . .     Faith    .   (no shield)
rNeg     . . .     Spirit   .   b - +0 leather armour
rPois    .         Reflect  .   c - +0 helmet
rElec    .         Harm     .   (no cloak)
rCorr    .         Rampage  .   (no gloves)
Will     .....                  e - +0 pair of boots
Stlth    +.........             (no amulet)
HPRegen  0.11/turn              (no ring)
MPRegen  0.09/turn              (no ring)

@: no status effects
A: hooves 1, powered by death 1
a: no special abilities


You were on level 2 of the Dungeon.
You visited 1 branch of the dungeon, and saw 3 of its levels.

You collected 100 gold pieces.

Inventory:

Hand Weapons
 a - a +0 trident (weapon)
Missiles
 d - 3 throwing nets (quivered)
Armour
 b - a +0 leather armour (worn)
 c - a +0 helmet (worn)
 e - a +0 pair of boots (worn)
 g - a +0 buckler
Jewellery
 j - a ring of ice
Scrolls
 l - a scroll of teleportation
Potions
 h - 2 potions of brilliance
 i - a potion of curing


   Skills:
 + Level 2.3 Fighting
 * Level 3.8 Polearms
 + Level 1.9 Throwing
 + Level 0.3 Armour
 + Level 3.1 Dodging
 + Level 0.1 Stealth


You had 3 spell levels left.
You didn't know any spells.
Your spell library contained the following spells:

 Spells                   Type           Power      Damage    Failure   Level
 Corona                   Hex            0%         N/A       45%         1
 Ensorcelled Hibernation  Hex/Ice        0%         N/A       58%         2
 Confusing Touch          Hex            0%         N/A       83%         3
 Dazzling Flash           Conj/Hex       0%         N/A       83%         3
 Tukima's Dance           Hex            0%         N/A       83%         3


Dungeon Overview and Level Annotations

Branches:
Dungeon (3/15)

Altars:

Annotations:
D:2 1 runed translucent door, Crazy Yiuf


Innate Abilities, Weirdness & Mutations

You have large cloven feet.
You regenerate a little health from kills.


Message History

The orc priest mumbles some strange prayers to Beogh against you.
Beogh smites you!
The orc priest begins to cast a cantrip, but forgets the words!
Unknown command.
You closely miss the orc priest. The orc priest barely misses you.
The orc priest hits you but does no damage. x2
You completely miss the orc priest.
The orc priest hits you but does no damage. x2
Unknown command.
You hit the orc priest.
The orc priest is moderately wounded.
The orc priest hits you with a +0 dagger.
The orc priest mumbles some strange prayers to Beogh against you.
Beogh smites you!
* * * LOW HITPOINT WARNING * * *
It was a potion of heal wounds.
You feel much better. The orc priest misses you.
The orc priest closely misses you.
You completely miss the orc priest.
The orc priest is moderately wounded.
The orc priest hits you with a +0 dagger.
The orc priest closely misses you.
The orc priest calls down the wrath of Beogh upon you.
Beogh smites you!
The orc priest invokes the aid of Beogh against you.
Beogh smites you!
Things that are here:
a +0 club; an orc corpse The orc priest mumbles some strange prayers to Beogh against you.
Pain shoots through your body!
* * * LOW HITPOINT WARNING * * *
The orc priest looks encouraged for a moment.
There is a stone staircase leading up here.
The orc priest misses you.
You climb upwards.
Level annotation: 1 runed translucent door, Crazy Yiuf
There is a stone staircase leading down here.
It was a potion of curing.
You feel better.
The orc priest invokes the aid of Beogh against you.
Beogh smites you!
You die...

#####.#.#####..#.#
.....###..# #..#.#
#####.#.#.# #..#.#
##.##.# #..#.#
#.##.###..#.# ####
#.##)##...#.# ...#
#.##.##..##.#
##.###........##.#
##..............@####
#.........###....o..#
#.####...........##.#
...# ##.####........#
####### #..#
#.####........#
#......
#..####.............#
#.#####
#.......######...##.#
#.#
##.###.(.........<..#
#.# #.#
#..#######..#### #.#


You could see an orc priest.

Vanquished Creatures
  A worm (D:2)
  2 dart slugs (D:1)
  An orc (D:3)
  7 bats
  5 endoplasms
  3 giant cockroaches
  A goblin (D:1)
  3 hobgoblins
  11 jackals
  3 quokkas
  4 ball pythons
  A frilled lizard (D:1)
  4 kobolds
  7 rats
53 creatures vanquished.

Vanquished Creatures (others)
  A fungus (D:2)
1 creature vanquished.

Grand Total: 54 creatures vanquished

Notes
Turn   | Place    | Note
-------+----------+-------------------------------------------
     0 | D:1      | Wyvernaa the Demonspawn Gladiator began the quest for the
                  | Orb.
     0 | D:1      | Reached XP level 1. HP: 16/16 MP: 1/1
   259 | D:1      | Gained mutation: You regenerate a little health from kills.
                  | [demonic ancestry]
   259 | D:1      | Reached XP level 2. HP: 11/22 MP: 2/2
   379 | D:1      | Found a faded altar of an unknown god.
   550 | D:1      | Gained mutation: You have large cloven feet. [demonic
                  | ancestry]
   550 | D:1      | Reached XP level 3. HP: 20/27 MP: 3/3
  1836 | D:2      | Found a runed translucent door.
  1837 | D:2      | Noticed Crazy Yiuf
  1941 | D:3      | Reached XP level 4. HP: 34/34 MP: 4/4
  1950 | D:3      | HP: 1/34 [orc priest/nerve-wracking pain (10)]
  1955 | D:2      | Killed from afar by an orc priest

Illustrated notes

Levels and vault maps discovered:
D:1:      lightli_arrival_boilingwater, layout_loops_cross,
          hellmonk_ecumenical_altar_lost_god, minmay_misc_feat_pillars,
          kennysheep_small_spiral
D:2:      layout_loops_ring, minmay_pentomino_z4, uniq_crazy_yiuf_cottage
D:3:      layout_basic, nicolae_gozag_cash_rules_everything_around_me,
          uniq_robin, uniq_ijyb

Skill      XL: |  1  2 |
---------------+-------+-----
Polearms       | 3 |  3.8
Dodging        | 3 |  3.1
Fighting       | |  2.3
Throwing       | |  1.9
Armour         | |  0.3
Stealth        | |  0.1

Action                   |  1- 3 |  4- 6 || total
-------------------------+-------+-------++-------
Melee: Trident           |   148 |     5 ||   153
  Use: Scroll            |     4 |       ||     4
       Potion            |       |     2 ||     2
 Stab: Sleeping          |     2 |       ||     2
Armor: Leather armour    |    46 |     5 ||    51
Dodge: Dodged            |    75 |     5 ||    80

Table legend: (Time is in decaauts)
 A = Elapsed time spent in this place.
 B = Non-inter-level travel time spent in this place.
 C = Inter-level travel time spent in this place.
 D = Time resting spent in this place.
 E = Time spent auto-exploring this place.
 F = Levels seen in this place.
 G = Mean time per level.
                   A        B        C        D        E       F      G
               +--------+--------+--------+--------+--------+-----+--------+
         Total |   1979 |   1902 |     77 |     73 |   1416 |   3 |  659.7 |
       Dungeon |   1979 |   1902 |     77 |     73 |   1416 |   3 |  659.7 |
               +--------+--------+--------+--------+--------+-----+--------+

Top non-repeatable levels by time:
     D:1: 973 daAuts
     D:2: 936 daAuts
     D:3: 69 daAuts
